 Dungeon Crawl Stone Soup version 0.18.1-48-g4cf74bf (webtiles) character file.

35 WarriorsX the Slasher (level 3, -3/29 HPs)
             Began as a Human Fighter on July 30, 2016.
             Slain by a gnoll
             ... wielding a cursed +0 flail
              (13 damage)
             ... on level 2 of the Dungeon.
             The game lasted 00:02:05 (987 turns).

WarriorsX the Slasher (Human Fighter)                Turns: 987, Time: 00:02:05

Health: -3/29      AC:  6    Str: 17    XL:     3   Next: 52%
Magic:  3/3        EV:  7    Int:  8    God:
Gold:   114        SH:  9    Dex: 14    Spells: 0 memorised, 2 levels left

rFire  . . .     SeeInvis +     a - +0 long sword
rCold  + . .     Gourm    .     b - +0 scale mail
rNeg   . . .     Faith    .     c - +0 shield
rPois  .         Spirit   .     (no helmet)
rElec  .         Dismiss  .     (no cloak)
rCorr  .         Reflect  .     (no gloves)
SustAt .         Harm     .     (no boots)
MR     .....     Clarity  +     (no amulet)
Stlth  ..........               (no ring)
                                i - ring of see invisible

@: not resistant to hostile enchantments, extremely unstealthy
A: agile 1, clarity, cold resistance 1, deterioration 1, no device heal 1,
subdued magic 1
a: no special abilities


You were on level 2 of the Dungeon.
You were not hungry.

You visited 1 branch of the dungeon, and saw 2 of its levels.

You collected 114 gold pieces.

Inventory:

Hand Weapons
 a - a +0 long sword (weapon)
Armour
 b - a +0 scale mail (worn)
 c - a +0 shield (worn)
Jewellery
 i - a ring of see invisible (left hand)
Scrolls
 g - a scroll of identify
Potions
 d - a potion of might
 h - a potion of flight
 j - a potion of curing
Comestibles
 f - 2 bread rations
 k - a slice of pizza
 l - a meat ration
 p - a beef jerky


   Skills:
 - Level 3.0 Fighting
 + Level 3.6 Long Blades
 - Level 3.0 Armour
 - Level 3.0 Shields


You had 2 spell levels left.
You didn't know any spells.

Dungeon Overview and Level Annotations

Branches:
Dungeon (2/15)

Altars:


Innate Abilities, Weirdness & Mutations

You are agile. (Dex +2)
You possess an exceptional clarity of mind.
Your flesh is cold resistant.
Your body sometimes deteriorates upon taking damage.
Potions and wands are less effective at restoring your health.
Your spells are a little easier to cast, but a little less powerful.


Message History

You block the gnoll's attack. The gnoll hits you but does no damage.
You hit the gnoll.
You kill the gnoll!
The ooze hits you.
A hobgoblin comes into view. It is wielding a club.
You hit the ooze.
You kill the ooze!
You slash the gnoll!
The gnoll is heavily wounded.
You block the gnoll's attack.
You hit the gnoll.
The gnoll is severely wounded.
The gnoll hits you with a flail.
You hit the gnoll but do no damage.
The gnoll is severely wounded.
The gnoll hits you with a flail. x2
You hit the gnoll.
The gnoll is almost dead.
The gnoll hits you with a flail!
You die...

#.#.# .##.#.# ###
######.#.. ..#.#.#... ..#
....#.#..###..#.#.#.####)#
.........>#..#.#...#.##.# #
#..#.#.......#.#.###..#.#
#.#..#.#.......#...........
#....#.#...†...#.#.###.<#.#
#......####.####.#.#....#.#
#......ggg@......#.#.#.....
#.#..######.###..#.#.###..#
#.#... #.# #....#......# #
#... #.# #.........#.# #...
#.# #............ #...⌠ #.#
#.........#.. #.# #.#
#)#.#######.. #.# #.#.. ...
#.# ##########.


You could see 2 gnolls and a hobgoblin.

Vanquished Creatures
  A gnoll (D:2)
  An ooze (D:2)
  A ball python (D:1)
  2 bats
  A giant cockroach (D:1)
  3 goblins
  5 hobgoblins
  2 kobolds (D:1)
  3 rats (D:1)
19 creatures vanquished.

Notes
Turn   | Place    | Note
--------------------------------------------------------------
     0 | D:1      | WarriorsX the Human Fighter began the quest for the Orb.
     0 | D:1      | Reached XP level 1. HP: 18/18 MP: 1/1
   326 | D:1      | Reached XP level 2. HP: 19/24 MP: 2/2
   868 | D:1      | Gained mutation: Your spells are a little easier to cast, but a little less powerful. [potion of mutation]
   868 | D:1      | Gained mutation: Your flesh is cold resistant. [potion of mutation]
   868 | D:1      | Gained mutation: You possess an exceptional clarity of mind. [potion of mutation]
   869 | D:1      | Gained mutation: You are agile. (Dex +2) [potion of mutation]
   869 | D:1      | Gained mutation: Your body sometimes deteriorates upon taking damage. [potion of mutation]
   869 | D:1      | Gained mutation: Potions and wands are less effective at restoring your health. [potion of mutation]
   977 | D:2      | Reached XP level 3. HP: 20/29 MP: 3/3
   987 | D:2      | Slain by a gnoll

Skill      XL: |  1  2 |
---------------+-------+-----
Long Blades    | 3 |  3.6
Fighting       | |  3.0
Armour         | |  3.0
Shields        | |  3.0

Action                   || total
-------------------------++-------
Melee: Long sword        ||    81
  Use: Scroll            ||     7
       Potion            ||     3
Armor: Scale mail        ||    27
Dodge: Dodged            ||    28
Block: Shield            ||    33
